 Dungeon Crawl Stone Soup version 0.31.0-11-ge490571c62 (webtiles) character file.

Game seed: 17530310146015311244

59 qw the Shooter (level 3, 0/20 HPs)
             Began as a Deep Elf Hunter on Feb 4, 2024.
             Slain by Sigmund
             ... wielding a +0 scythe
              (7 damage)
             ... on level 3 of the Dungeon.
             The game lasted 00:00:06 (1507 turns).

qw the Shooter (Deep Elf Hunter)                    Turns: 1507, Time: 00:00:06

Health: 0/20       AC:  5    Str: 10    XL:     3   Next: 78%
Magic:  5/5        EV: 12    Int: 13    God:
Gold:   112        SH:  5    Dex: 18    Spells: 2/2 levels left

rFire   . . .        a - +2 shortbow
rCold   . . .        (shield currently unavailable)
rNeg    . . .        d - +2 leather armour {rPois}
rPois   +            (no helmet)
rElec   .            (no cloak)
rCorr   .            (no gloves)
SInv    .            (no boots)
Will    .....        h - amulet of reflection
Stlth   ++           (no ring)
HPRegen 0.23/turn    (no ring)
MPRegen 0.09/turn

%: reflection
@: no status effects
A: no striking features
a: no special abilities


You were on level 3 of the Dungeon.
You visited 1 branch of the dungeon, and saw 3 of its levels.

You collected 112 gold pieces.


   Skills:
 - Level 1.5 Fighting
 + Level 7.3 Ranged Weapons
 - Level 2.4 Dodging
 - Level 1.2 Stealth


You had 2 spell levels left.
You didn't know any spells.
Your spell library was empty.

Inventory:

Hand Weapons
 a - a +2 shortbow (weapon)
Armour
 d - a +2 leather armour of poison resistance (worn)
 i - a +0 ring mail
Jewellery
 h - an amulet of reflection (around neck)
Scrolls
 f - a scroll of teleportation
Potions
 b - a potion of mutation {unknown}
 c - a potion of haste {unknown}
 e - a potion of heal wounds
 g - a potion of enlightenment {unknown}

Dungeon Overview and Level Annotations

Branches:
Dungeon (3/15)

Altars:

Annotations:
D:3 Sigmund


Message History

You open the door.
Found a stone staircase leading down.
A frilled lizard comes into view.
You shoot an arrow. The arrow misses the frilled lizard.
The frilled lizard hisses angrily.
You hear a shout!
A hobgoblin comes into view.
You shoot an arrow. The arrow hits the hobgoblin.
You kill the hobgoblin!
You shoot an arrow. The arrow hits the frilled lizard.
The frilled lizard is heavily wounded.
You shoot an arrow. The arrow hits the frilled lizard.
You kill the frilled lizard!
A hobgoblin comes into view.
You shoot an arrow. The arrow hits the hobgoblin.
The hobgoblin is lightly wounded.
You shoot an arrow. The arrow hits the hobgoblin.
You kill the hobgoblin!
Sigmund the Dreaded comes into view.
He is wielding a +0 scythe and wearing a +1 robe of cold resistance.
You shoot an arrow. The arrow closely misses Sigmund.
Sigmund shouts!
You shoot an arrow. The arrow closely misses Sigmund.
You shoot an arrow. The arrow hits Sigmund.
Sigmund is lightly wounded.
Sigmund casts a spell.
Sigmund flickers and vanishes!
Deactivating autopickup; reactivate with Ctrl-A.
You shoot an arrow. You shoot an arrow. You shoot an arrow. You shoot an arrow.
Something hits you.
You shoot an arrow. Something hits you but does no damage.
You shoot an arrow.
A magic dart appears from out of thin air!
The magic dart hits you!
You shoot an arrow. Something hits you!
You die...

....##....# .....#....#
....>.%..# ## ### ..
#......# ... ..# ##..
#......# .... #.# (..
#....{.#%.... #'###.#
#............ ......#
#....@...$... ......#
###......%.....
.....#####....#'###.....
.........#....#>.. ....
#####....#....##### ...
#....#......## ..
#.)..#........ .
+..............
#..............


There were no monsters in sight!

Vanquished Creatures
  A dart slug (D:1)
  A ribbon worm (D:2)
  3 bats
  4 endoplasms
  7 goblins
  7 hobgoblins
  6 quokkas
  2 ball pythons
  4 frilled lizards
  5 kobolds (D:1)
  8 rats
48 creatures vanquished.

Notes
Turn   | Place    | Note
-------+----------+-------------------------------------------
     0 | D:1      | qw the Deep Elf Hunter began the quest for the Orb.
     0 | D:1      | Reached XP level 1. HP: 12/12 MP: 3/3
     0 | D:1      | 0 ||| qw: Version: 0.3-a-160-g6735b56
     0 | D:1      | 0 ||| qw: Game counter: 4925
     0 | D:1      | 0 ||| qw: Melee chars always use a shield: true
     0 | D:1      | 0 ||| qw: God list: Okawaru
     0 | D:1      | 0 ||| qw: Allow faded altars: false
     0 | D:1      | 0 ||| qw: Do Orc after clearing Dungeon:15 true
     0 | D:1      | 0 ||| qw: Do second Lair branch before Depths: true
     0 | D:1      | 0 ||| qw: Lair rune preference: random
     0 | D:1      | 0 ||| qw: Goals: Normal
     0 | D:1      | 0 ||| PLANNING D:1-11
   105 | D:1      | Reached XP level 2. HP: 16/16 MP: 4/4
   116 | D:1      | Reached skill level 6 in Ranged Weapons
   603 | D:1      | 603 ||| UPGRADING to amulet of reflection.
   608 | D:1      | 608 ||| READING scroll labelled VEHUT RUWN.
   613 | D:1      | 613 ||| READING scroll labelled BUKLUE PAEHIOQ.
   614 | D:1      | 614 ||| READING 2 scrolls labelled IRGHOE KALLUTYESE.
   614 | D:1      | 614 ||| ENCHANTING +0 shortbow.
   615 | D:1      | 615 ||| READING scroll of enchant weapon.
   615 | D:1      | 615 ||| ENCHANTING +1 shortbow.
   616 | D:1      | 616 ||| READING 2 scrolls labelled YGAUQERYNT.
   616 | D:1      | 616 ||| IDENTIFYING golden potion
   617 | D:1      | 617 ||| READING scroll of identify.
   617 | D:1      | 617 ||| IDENTIFYING 2 coppery potions
   618 | D:1      | 618 ||| DROPPING scroll of butterflies.
   619 | D:1      | 619 ||| DROPPING 2 potions of attraction.
   620 | D:1      | 620 ||| DROPPING potion of lignification.
   639 | D:2      | Found a faded altar of an unknown god.
   645 | D:2      | Reached XP level 3. HP: 15/20 MP: 5/5
   645 | D:2      | 645 ||| FLEEEEING.
  1083 | D:2      | Reached skill level 7 in Ranged Weapons
  1321 | D:2      | 1321 ||| UPGRADING to +2 leather armour of poison
                  | resistance.
  1331 | D:2      | 1331 ||| DROPPING +0 leather armour.
  1332 | D:2      | 1332 ||| DRINKING 2 fuming green potions.
  1497 | D:3      | Noticed Sigmund
  1507 | D:3      | Slain by Sigmund

Levels and vault maps discovered:
D:1:      sevenhm_arrival_forest_fort_large_2, layout_basic
D:2:      layout_loops_cross, nicolae_ecumenical_lake_church
D:3:      layout_basic, minmay_box_of_dots, uniq_sigmund

Skill      XL: |  1  2  3 |
---------------+----------+-----
Ranged Weapons | 6 7 |  7.3
Fighting       | |  1.5
Dodging        | |  2.4
Stealth        | |  1.2

Action                     || total
---------------------------++-------
   Fire: Shortbow          ||   127
    Use: Scroll            ||     6
         Potion            ||     1
 Armour: Leather armour    ||    14
  Dodge: Dodged            ||     9
  Block: Other             ||     2

Table legend:
 A = Non-vault XP
 B = Vault XP
 C = Vault XP percentage of total XP
 D = Non-vault monster count
 E = Vault monster count
 F = Vault count percentage of total count
                 A         B        C        D         E       F
            +---------+---------+-------+---------+---------+-------
      Total |      85 |       0 |   0.0 |      48 |       0 |   0.0
            +---------+---------+-------+---------+---------+-------
        D:1 |      36 |       0 |   0.0 |      21 |       0 |   0.0
        D:2 |      41 |       0 |   0.0 |      22 |       0 |   0.0
        D:3 |       8 |       0 |   0.0 |       5 |       0 |   0.0
            +---------+---------+-------+---------+---------+-------
